 Dungeon Crawl Stone Soup version 0.30-a0-743-gbfdf073431 (webtiles) character file.

Game seed: 8501029998930353853

31 Dittersdorf the Trooper (level 3, -1/24 HPs)
             Began as a Gargoyle Fighter on Feb 7, 2023.
             Slain by a goblin
             ... wielding a +0 club
             ... led by Robin
              (2 damage)
             ... on level 2 of the Dungeon.
             The game lasted 00:00:53 (1089 turns).

Dittersdorf the Trooper (Gargoyle Fighter)          Turns: 1089, Time: 00:00:53

Health: -1/24      AC: 10    Str: 21    XL:     3   Next: 22%
Magic:  3/3        EV:  9    Int:  8    God:
Gold:   53         SH:  4    Dex:  9    Spells: 2/2 levels left

rFire   . . .      SeeInvis .    a - +0 flail
rCold   . . .      Faith    .    c - +0 buckler
rNeg    + . .      Spirit   .    b - +0 scale mail
rPois   ∞          Reflect  .    (no helmet)
rElec   +          Harm     .    (no cloak)
rCorr   .          Rampage  .    (no gloves)
Will    .....                    (no boots) Stlth
                                 (no amulet)
HPRegen 0.24/turn                (no ring)
MPRegen 0.08/turn                (no ring)

@: no status effects
A: sickness immunity, AC +3, negative energy resistance 1, electricity
resistance, torment resistance 1, petrification resistance
a: no special abilities


You were on level 2 of the Dungeon.
You visited 1 branch of the dungeon, and saw 2 of its levels.

You collected 53 gold pieces.

Inventory:

Hand Weapons
 a - a +0 flail (weapon)
Armour
 b - a +0 scale mail (worn)
 c - a +0 buckler (worn)
Wands
 k - a wand of roots (13)
Scrolls
 e - 3 scrolls of teleportation {unknown}
 f - a scroll of fear {unknown}
 g - 2 scrolls of silence {unknown}
 i - a scroll of magic mapping {unknown}
 l - a scroll of identify {unknown}
 m - a scroll of enchant armour {unknown}
Potions
 d - 3 potions of might
 h - a potion of lignification {unknown}
 j - a potion of curing {unknown}


   Skills:
 + Level 3.7 Fighting
 + Level 2.4 Maces & Flails
 + Level 3.6 Armour
 + Level 3.7 Shields


You had 2 spell levels left.
You didn't know any spells.
Your spell library contained the following spells:

 Spells                   Type           Power      Damage    Failure   Level
 Poisonous Vapours        Pois/Air       0%         N/A       93%         2
 Mephitic Cloud           Conj/Pois/Air  0%         N/A       99%         3
 Cigotuvi's Dreadful Rot  Necr/Pois/Air  Unusable   N/A       N/A         2

Dungeon Overview and Level Annotations

Branches:
Dungeon (2/15)

Altars:

Annotations:
D:2 Robin


Innate Abilities, Weirdness & Mutations

You are immune to sickness and miasma.
Your stone body is resilient. (AC +3)
You are immune to poison.
You resist negative energy. (rN+)
You are resistant to electric shocks. (rElec)
You are resistant to unholy torment.
You are immune to petrification.


Message History

The goblins go into a battle-frenzy!
The goblin closely misses you. The goblin barely misses you.
You block the goblin's attack. The goblin hits you but does no damage.
The hobgoblin hits you but does no damage.
The goblin hits you but does no damage.
You barely miss the goblin. You block the giant cockroach's attack.
The goblin hits you but does no damage. The goblin hits you with a +0 club.
The hobgoblin hits you but does no damage.
The goblin barely misses you. The goblin hits you but does no damage.
The goblin hits you with a +0 dagger.
The giant cockroach bites you but does no damage.
The goblin hits you with a +0 dagger. The goblin hits you with a +0 club.
* * * LOW HITPOINT WARNING * * *
The goblin barely misses you. You block the goblin's attack.
The goblin misses you.
The hobgoblin hits you but does no damage.
You are too injured to fight recklessly!
You are too injured to fight recklessly!
You are too injured to fight recklessly!
You are too injured to fight recklessly!
You are too injured to fight recklessly!
You are too injured to fight recklessly!
You are too injured to fight recklessly!
You are too injured to fight recklessly!
You barely miss the goblin.
The giant cockroach bites you but does no damage.
The goblin misses you. The goblin hits you with a +0 dagger.
* * * LOW HITPOINT WARNING * * *
You block the goblin's attack. The goblin closely misses you.
The hobgoblin hits you but does no damage.
The goblin closely misses you. The giant cockroach closely misses you.
You hit the goblin.
You kill the goblin!
You block the goblin's attack.
The giant cockroach bites you but does no damage.
The hobgoblin barely misses you. You block the goblin's attack.
The goblin hits you with a +0 dagger.
* * * LOW HITPOINT WARNING * * *
The goblin hits you with a +0 club.
You die...

#.....#.. #......###
#.#... #.....#..#
#...#..
#....#...###.....#
#.......#..#.....#
###....#...#.....#
###.......#.#.g.# #..
#........#..g#B#...#.
#.##........g@gg.....
#.#######...ggg.##...
#.# ##...gg.# #.#
#......# #.# #.....##
#.# #....... #.#
###.##### #.# #.# #.#
.#


You could see Robin, a giant cockroach, 2 hobgoblins and 7 goblins.

Vanquished Creatures
  A dart slug (D:2)
  3 endoplasms
  2 giant cockroaches (D:1)
  3 hobgoblins
  A kobold (D:2)
  A quokka (D:1)
  3 ball pythons
  3 bats
  2 frilled lizards (D:1)
  5 goblins
  4 rats
28 creatures vanquished.

Notes
Turn   | Place    | Note
-------+----------+-------------------------------------------
     0 | D:1      | Dittersdorf the Gargoyle Fighter began the quest for the
                  | Orb.
     0 | D:1      | Reached XP level 1. HP: 14/14 MP: 1/1
   172 | D:1      | Reached XP level 2. HP: 19/19 MP: 2/2
   958 | D:2      | Reached XP level 3. HP: 23/23 MP: 3/3
  1077 | D:2      | Noticed Robin
  1089 | D:2      | HP: 1/24 [goblin/+0 dagger[Robin] (2)]
  1089 | D:2      | Slain by a goblin

Illustrated notes

Levels and vault maps discovered:
D:1:      nicolae_arrival_somewhat_less_tricky_arrival, layout_loops_cross
D:2:      layout_loops_ring, kennysheep_decorative_pillar,
          minmay_splitting_lines, minmay_ruptured, uniq_robin

Action                     || total
---------------------------++-------
  Melee: Flail             ||    97
 Armour: Scale mail        ||   104
  Dodge: Dodged            ||    76
  Block: Buckler           ||    32

Table legend: (Time is in decaauts)
 A = Elapsed time spent in this place.
 B = Non-inter-level travel time spent in this place.
 C = Inter-level travel time spent in this place.
 D = Time resting spent in this place.
 E = Time spent auto-exploring this place.
 F = Levels seen in this place.
 G = Mean time per level.
                   A        B        C        D        E       F      G
               +--------+--------+--------+--------+--------+-----+--------+
         Total |   1120 |   1100 |     20 |      0 |    875 |   2 |  560.0 |
       Dungeon |   1120 |   1100 |     20 |      0 |    875 |   2 |  560.0 |
               +--------+--------+--------+--------+--------+-----+--------+

Top non-repeatable levels by time:
     D:1: 748 daAuts
     D:2: 371 daAuts
